Map: Acropolis LE

Players

Mesrob

  • Race: Terran Terran
  • League: Platinum
  • Spawn Location: 5:00

nelson - Winner!

  • Race: Protoss Protoss
  • League: Gold
  • Spawn Location: 11:00

VOD

Have the link to the VOD?

Description

Time

  • Played on: July 13, 2019, 11:43 a.m.
  • Length: 12:51
Show
View Real Time Build Order
Export as new Build Order

Mesrob Terran 

Build Orders: 2 Factory, Reaper Expand 

Get SALT Encoding   

  12  0:00  SCV  
  13  0:13  SCV  
  14  0:17  Supply Depot  
  14  0:25  SCV  
  15  0:38  SCV  
  15  0:39  Barracks  
  16  0:45  Refinery  
  16  0:50  SCV  
  17  1:10  SCV  
  17  1:29  Orbital Command  
  17  1:46  Command Center  
  17  1:59  Reaper  
  18  2:18  Factory  
  18  2:21  Supply Depot, SCV  
  19  2:32  Refinery  
  19  2:34  SCV  
  20  2:45  Barracks Reactor  
  20  2:46  SCV  
  21  2:58  SCV  
  22  3:02  Factory  
  22  3:04  Orbital Command  
  22  3:10  SCV  
  23  3:18  Hellion  
  21  4:04  Hellion x2  
  21  4:05  SCV  
  21  4:06  SCV  
  27  4:17  SCV  
  27  4:18  SCV  
  29  4:25  Factory  
  29  4:32  SCV  
  29  4:34  SCV  
  29  4:37  Hellion x2  
  35  4:42  Supply Depot  
  35  4:46  Supply Depot  
  35  4:52  Engineering Bay  
  35  4:57  Factory Tech Lab  
  35  5:02  SCV  
  35  5:05  SCV  
  35  5:06  Refinery  
  37  5:08  Armory  
  37  5:12  Factory Tech Lab  
  37  5:14  SCV  
  37  5:17  Supply Depot  
  37  5:18  Supply Depot, SCV, Armory  
  39  5:24  Missile Turret  
  39  5:26  SCV  
  40  5:30  SCV  
  40  5:34  Missile Turret  
  41  5:40  SCV  
  41  5:42  Missile Turret, SCV  
  43  5:44  Missile Turret  
  43  5:47  Cyclone  
  46  5:50  Cyclone  
  43  6:06  Missile Turret  
  43  6:07  SCV  
  43  6:08  SCV  
  45  6:19  Cyclone  
  45  6:20  SCV x2  
  45  6:23  Missile Turret  
  50  6:29  Drilling Claws  
  50  6:32  SCV  
  51  6:37  Terran Vehicle Weapons Level 1  
  51  6:38  Terran Vehicle And Ship Armor Level 1  
  51  6:44  Cyclone  
  54  6:51  Cyclone  
  57  6:54  SCV x2  
  59  7:06  SCV x2  
  61  7:10  Supply Depot  
  61  7:16  Cyclone  
  61  7:18  SCV  
  61  7:19  Hellion  
  61  7:21  Hellion  
  69  7:26  Cyclone  
  72  7:32  Refinery  
  72  7:42  Supply Depot  
  72  7:46  Hellion x2  
  72  7:48  Cyclone  
  79  7:58  Cyclone  
  79  8:05  Supply Depot  
  82  8:16  Command Center  
  82  8:27  Supply Depot  
  82  8:31  Cyclone  
  82  8:32  Cyclone  
  86  8:44  SCV x2  
  79  8:56  SCV  
  79  8:57  SCV  
  78  9:03  Hellion x2, Cyclone  
  78  9:04  Cyclone  
  83  9:17  SCV  
  83  9:19  SCV  
  85  9:29  SCV  
  86  9:35  Cyclone  
  86  9:36  Cyclone  
  79  10:05  Hellion x2  
  79  10:06  Planetary Fortress  
  73  10:07  Cyclone  
  73  10:08  Cyclone  
  79  10:22  Factory  
  79  10:23  Factory  
  79  10:26  Hellion  
  79  10:27  Factory  
  79  10:28  Factory  
  81  10:32  Factory  
  81  10:43  Cyclone  
  81  10:44  Cyclone  
  62  11:14  Factory Tech Lab  
  62  11:15  Factory Tech Lab, Factory Reactor, Cyclone  
  62  11:27  Missile Turret  
  62  11:37  Cyclone  
  62  11:38  Cyclone  
  68  11:42  Factory Reactor  
  68  11:44  Factory Tech Lab  
  68  12:00  Cyclone  
  71  12:10  SCV  
  72  12:18  Cyclone  
  72  12:21  Hellion  
  77  12:24  Hellion  
Show
View Real Time Build Order
Export as new Build Order

nelson Protoss - Winner!

Build Orders: Chargelot Immortal 

Get SALT Encoding   

  12  0:02  Probe  
  13  0:14  Probe  
  13  0:18  Pylon  
  14  0:24  Probe  
  15  0:32  Probe  
  15  0:41  Gateway  
  16  0:46  Probe  
  17  0:51  Assimilator  
  17  0:58  Probe  
  18  1:10  Probe  
  19  1:22  Probe  
  20  1:26  Pylon  
  20  1:30  Cybernetics Core  
  20  1:34  Probe  
  21  1:46  Probe  
  22  1:58  Adept, Probe  
  22  1:59  Warp Gate  
  24  2:11  Probe  
  25  2:19  Assimilator  
  25  2:20  Nexus  
  25  2:23  Probe  
  25  2:25  Pylon  
  26  2:36  Adept  
  28  2:48  Gateway  
  28  2:52  Probe  
  28  2:56  Stargate  
  29  3:04  Probe  
  30  3:23  Probe  
  31  3:55  Probe  
  30  4:05  Probe  
  30  4:07  Probe  
  32  4:10  Pylon  
  32  4:11  Oracle  
  32  4:12  Pylon  
  35  4:17  Probe  
  35  4:19  Probe  
  37  4:26  Gateway  
  37  4:28  Gateway  
  37  4:29  Probe  
  37  4:30  Robotics Facility  
  38  4:31  Pylon  
  38  4:32  Assimilator  
  38  4:33  Pylon, Shield Battery  
  38  4:34  Assimilator  
  38  4:36  Shield Battery  
  38  4:37  Probe  
  37  4:41  Probe  
  37  4:42  Oracle  
  37  4:45  Zealot  
  40  4:47  Adept  
  45  5:01  Probe x2  
  47  5:13  Probe x2  
  49  5:15  Forge  
  49  5:16  Twilight Council  
  49  5:22  Observer  
  49  5:23  Sentry x2  
  49  5:24  Sentry  
  49  5:26  Zealot  
  58  5:29  Probe  
  58  5:32  Probe  
  60  5:41  Probe  
  61  5:57  Probe x2  
  61  6:02  Immortal, Protoss Ground Weapons Level 1  
  60  6:05  Charge  
  60  6:07  Zealot x4  
  60  6:09  Probe x2  
  74  6:21  Probe x2  
  76  6:41  Nexus  
  76  6:47  Photon Cannon  
  76  6:50  Pylon  
  76  6:58  Pylon  
  76  7:04  Gateway  
  76  7:05  Gateway  
  76  7:06  Pylon  
  76  7:17  Pylon  
  76  7:25  Probe  
  76  7:26  Probe  
  76  7:29  Immortal  
  78  7:38  Templar Archives  
  78  7:42  Pylon  
  82  7:47  Stalker x2  
  86  7:52  Zealot x2  
  90  7:58  Immortal  
  90  8:01  Protoss Ground Weapons Level 2  
  90  8:07  Pylon  
  90  8:09  Pylon  
  90  8:12  Pylon  
  94  8:18  Zealot x4  
  99  8:23  Zealot x2  
  101  8:46  Probe x3  
  101  8:47  Photon Cannon  
  100  8:49  Assimilator  
  100  8:51  Shield Battery  
  100  8:52  Assimilator  
  100  8:54  Shield Battery  
  96  9:05  Pylon  
  96  9:12  Zealot x2  
  96  9:13  Zealot x4  
  96  9:15  Pylon  
  108  9:22  Immortal  
  106  9:40  Stalker x4  
  106  9:41  Stalker x2  
  118  9:55  Photon Cannon  
  118  9:59  Immortal  
  116  10:01  Pylon  
  110  10:13  High Templar  
  110  10:14  High Templar x4  
  118  10:15  High Templar  
  126  10:30  Archon x3  
  93  11:03  Immortal, Zealot x3  
  93  11:04  Zealot x3  
  105  11:24  Gateway  
  101  11:25  High Templar x2  
  101  11:26  High Templar x4  
  101  11:27  Gateway  
  101  11:29  Immortal  
  101  11:30  Gateway  
  113  11:32  Gateway  
  113  11:39  Archon x3  
  113  12:09  Zealot x5  
  113  12:10  Zealot  
  129  12:18  Probe  
  129  12:19  Probe  
  129  12:42  Zealot x5  
  129  12:43  Zealot x5  
Tags
 
Add a new tag
Caveats
  • Supply blocks, unpowered buildings, or Contaminate may cause inaccurate times.
  • Supply counts are checked every 10 seconds.